TOP OF THE 1ST |
Mexico City Cerveceros batting - Pitching for Santa Monica Bruins : RHP Scott Walker
|
Pitching: RHP Scott Walker
|
|
Batting: SHB George Adams
|
0-0: Ball 1-0: Called Strike 1-1: Ball 2-1: Ball 3-1: Base on Balls
|
Batting: RHB Murai Ishihara
|
0-0: Swinging Strike 0-1: Ball 1-1: Foul Ball, location: 2F 1-2: Strikes out swinging
|
Batting: RHB Randy Sheppard
|
0-0: Ball 1-0: Ground out 5-3 (Groundball, 56S) George Adams to second
|
Batting: LHB Eduardo Gómez
|
0-0: Foul Ball, location: 2F 0-1: Ball 1-1: Swinging Strike 1-2: Strikes out looking
|
Top of the 1st over - 0 run(s), 0 hit(s), 0 error(s), 1 left on base; Mexico City 0 - Santa Monica 0 |
BOTTOM OF THE 1ST |
Santa Monica Bruins batting - Pitching for Mexico City Cerveceros : RHP Clarence Allen
|
Pitching: RHP Clarence Allen
|
|
Batting: LHB Francisco Medina
|
0-0: Called Strike 0-1: Ball 1-1: SINGLE (Line Drive, 9S)
|
Batting: RHB Alfredo López
|
0-0: Ball 1-0: Called Strike 1-1: Called Strike 1-2: Ball 2-2: Ball 3-2: Base on Balls Francisco Medina to second
|
Batting: LHB Brent Alonzo
|
0-0: Swinging Strike 0-1: Ball 1-1: Ball 2-1: Ball 3-1: Base on Balls Francisco Medina to third Alfredo López to second
|
Batting: RHB Roberto Cruz
|
0-0: Called Strike 0-1: Ball 1-1: Swinging Strike 1-2: Ball 2-2: Foul Ball, location: 2F 2-2: Ball 3-2: Grounds into double play, 6-4-3 (Groundball, 6) Francisco Medina scores Alfredo López to third
|
Batting: LHB Ethan Shaw
|
0-0: Fly out, F8 (Line Drive, 8LM)
|
Bottom of the 1st over - 1 run(s), 1 hit(s), 0 error(s), 1 left on base; Mexico City 0 - Santa Monica 1 |
TOP OF THE 2ND |
Mexico City Cerveceros batting - Pitching for Santa Monica Bruins : RHP Scott Walker
|
Batting: RHB Robinson Pacheco
|
0-0: Ball 1-0: Ground out 4-3 (Groundball, 4M)
|
Batting: LHB John Nicholson
|
0-0: Fly out, F7 (Flyball, 78D)
|
Batting: RHB Robert Johnson
|
0-0: Ball 1-0: Fly out, F5 (Line Drive, 56S)
|
Top of the 2nd over - 0 run(s), 0 hit(s), 0 error(s), 0 left on base; Mexico City 0 - Santa Monica 1 |
BOTTOM OF THE 2ND |
Santa Monica Bruins batting - Pitching for Mexico City Cerveceros : RHP Clarence Allen
|
Batting: RHB Guo-xiu Choi
|
0-0: SINGLE (Line Drive, 56)
|
Batting: LHB Ken Phillips
|
0-0: Ball 1-0: Called Strike 1-1: Ball 2-1: Swinging Strike 2-2: Foul Ball, location: 2F 2-2: Strikes out swinging
|
Batting: RHB Fletcher Reed
|
0-0: Ball Guo-xiu Choi steals 2nd base 1-0: Fly out, F3 (Line Drive, 3)
|
Batting: SHB Chris Woods
|
0-0: Ball 1-0: Swinging Strike 1-1: Ball 2-1: Foul Ball, location: 2F 2-2: Ball 3-2: Foul Ball, location: 2F 3-2: Fly out, F8 (Flyball, 8LM)
|
Bottom of the 2nd over - 0 run(s), 1 hit(s), 0 error(s), 1 left on base; Mexico City 0 - Santa Monica 1 |
TOP OF THE 3RD |
Mexico City Cerveceros batting - Pitching for Santa Monica Bruins : RHP Scott Walker
|
Batting: LHB Don Soper
|
0-0: Called Strike 0-1: Ball 1-1: Swinging Strike 1-2: Ground out U3 (Groundball, 34)
|
Batting: RHB Lee Price
|
0-0: Called Strike 0-1: Foul Ball, location: 2F 0-2: Foul Ball, location: 2F 0-2: Strikes out swinging
|
Batting: SHB George Adams
|
0-0: Foul Ball, location: 2F 0-1: Ball 1-1: Called Strike 1-2: Strikes out swinging
|
Top of the 3rd over - 0 run(s), 0 hit(s), 0 error(s), 0 left on base; Mexico City 0 - Santa Monica 1 |
BOTTOM OF THE 3RD |
Santa Monica Bruins batting - Pitching for Mexico City Cerveceros : RHP Clarence Allen
|
Batting: LHB Francisco Medina
|
0-0: Ball 1-0: Ground out U3 (Groundball, 3)
|
Batting: RHB Alfredo López
|
0-0: SINGLE (Line Drive, 78M)
|
Batting: LHB Brent Alonzo
|
0-0: Ball 1-0: Swinging Strike 1-1: Grounds into double play, 4-6-3 (Groundball, 4)
|
Bottom of the 3rd over - 0 run(s), 1 hit(s), 0 error(s), 0 left on base; Mexico City 0 - Santa Monica 1 |
TOP OF THE 4TH |
Mexico City Cerveceros batting - Pitching for Santa Monica Bruins : RHP Scott Walker
|
Batting: RHB Murai Ishihara
|
0-0: Swinging Strike 0-1: Ball 1-1: Foul Ball, location: 2F 1-2: Ground out 4-3 (Groundball, 4)
|
Batting: RHB Randy Sheppard
|
0-0: Ball 1-0: Foul Ball, location: 2F 1-1: Ball 2-1: Ball 3-1: Called Strike 3-2: Base on Balls
|
Batting: LHB Eduardo Gómez
|
0-0: Ball 1-0: Ball 2-0: Ball 3-0: Base on Balls Randy Sheppard to second
|
Batting: RHB Robinson Pacheco
|
0-0: Ball 1-0: Called Strike 1-1: Ball 2-1: Fly out, F7 (Flyball, 78S)
|
Batting: LHB John Nicholson
|
0-0: Called Strike 0-1: Called Strike 0-2: Ball 1-2: Ball 2-2: Foul Ball, location: 2F 2-2: Foul Ball, location: 2F 2-2: Ground out U3 (Groundball, 34)
|
Top of the 4th over - 0 run(s), 0 hit(s), 0 error(s), 2 left on base; Mexico City 0 - Santa Monica 1 |
BOTTOM OF THE 4TH |
Santa Monica Bruins batting - Pitching for Mexico City Cerveceros : RHP Clarence Allen
|
Batting: RHB Roberto Cruz
|
0-0: Fly out, F8 (Flyball, 8RM)
|
Batting: LHB Ethan Shaw
|
0-0: Foul Ball, location: 2F 0-1: Fly out, F8 (Flyball, 8LM)
|
Batting: RHB Guo-xiu Choi
|
0-0: Ball 1-0: Called Strike 1-1: DOUBLE (Line Drive, 8LXD)
|
Batting: LHB Ken Phillips
|
0-0: Called Strike Guo-xiu Choi steals 3rd base 0-1: Fly out, F9 (Flyball, 89D)
|
Bottom of the 4th over - 0 run(s), 1 hit(s), 0 error(s), 1 left on base; Mexico City 0 - Santa Monica 1 |
TOP OF THE 5TH |
Mexico City Cerveceros batting - Pitching for Santa Monica Bruins : RHP Scott Walker
|
Batting: RHB Robert Johnson
|
0-0: Called Strike 0-1: Called Strike 0-2: Strikes out swinging
|
Batting: LHB Don Soper
|
0-0: Foul Ball, location: 2F 0-1: Foul Ball, location: 2F 0-2: Ball 1-2: Ball 2-2: Strikes out looking
|
Batting: RHB Lee Price
|
0-0: Ball 1-0: Swinging Strike 1-1: Called Strike 1-2: Strikes out swinging
|
Top of the 5th over - 0 run(s), 0 hit(s), 0 error(s), 0 left on base; Mexico City 0 - Santa Monica 1 |
BOTTOM OF THE 5TH |
Santa Monica Bruins batting - Pitching for Mexico City Cerveceros : RHP Clarence Allen
|
Batting: RHB Fletcher Reed
|
0-0: Called Strike 0-1: Ground out 6-3 (Groundball, 6)
|
Batting: SHB Chris Woods
|
0-0: Ball 1-0: Foul Ball, location: 2F 1-1: Swinging Strike 1-2: Strikes out swinging
|
Batting: LHB Francisco Medina
|
0-0: Called Strike 0-1: Swinging Strike 0-2: Ball 1-2: Strikes out swinging
|
Bottom of the 5th over - 0 run(s), 0 hit(s), 0 error(s), 0 left on base; Mexico City 0 - Santa Monica 1 |
TOP OF THE 6TH |
Mexico City Cerveceros batting - Pitching for Santa Monica Bruins : RHP Scott Walker
|
Batting: SHB George Adams
|
0-0: Ball 1-0: Called Strike 1-1: Foul Ball, location: 2F 1-2: Ball 2-2: Foul Ball, location: 2F 2-2: Ball 3-2: Foul Ball, location: 2F 3-2: Base on Balls
|
Batting: RHB Murai Ishihara
|
0-0: Ball 1-0: Called Strike 1-1: Ball 2-1: Fly out, F5 (Popup, 5L)
|
Batting: RHB Randy Sheppard
|
0-0: Fly out, F6 (Popup, 6D)
|
Batting: LHB Eduardo Gómez
|
0-0: Called Strike 0-1: Ball 1-1: Ball 2-1: Ball 3-1: Called Strike 3-2: Strikes out swinging
|
Top of the 6th over - 0 run(s), 0 hit(s), 0 error(s), 1 left on base; Mexico City 0 - Santa Monica 1 |
BOTTOM OF THE 6TH |
Santa Monica Bruins batting - Pitching for Mexico City Cerveceros : RHP Clarence Allen
|
Batting: RHB Alfredo López
|
0-0: Foul Ball, location: 2F 0-1: Called Strike 0-2: Ball 1-2: SOLO HOME RUN (Flyball, 7D), Distance : 350 ft
|
Batting: LHB Brent Alonzo
|
0-0: Ball 1-0: Called Strike 1-1: Ball 2-1: Fly out, F8 (Flyball, 89S)
|
Batting: RHB Roberto Cruz
|
0-0: Ball 1-0: Ball 2-0: SOLO HOME RUN (Flyball, 7LD), Distance : 343 ft
|
Batting: LHB Ethan Shaw
|
0-0: Ball 1-0: DOUBLE (Flyball, 8RD)
|
Batting: RHB Guo-xiu Choi
|
0-0: Ball 1-0: Swinging Strike 1-1: Ball 2-1: Ball 3-1: Fly out, F8 (Flyball, 8RS)
|
Batting: LHB Ken Phillips
|
0-0: Called Strike 0-1: Called Strike 0-2: Ball 1-2: DOUBLE (Line Drive, 9LM) Ethan Shaw scores
|
Batting: RHB Fletcher Reed
|
0-0: Ball 1-0: Ball 2-0: Reached on error, E6 (Groundball, 6) Ken Phillips to third
|
Batting: SHB Chris Woods
|
0-0: Ball 1-0: Swinging Strike 1-1: Fielders Choice at 2nd, U4 (Groundball, 4M)
|
Bottom of the 6th over - 3 run(s), 4 hit(s), 1 error(s), 2 left on base; Mexico City 0 - Santa Monica 4 |
TOP OF THE 7TH |
Mexico City Cerveceros batting - Pitching for Santa Monica Bruins : RHP Scott Walker
|
Batting: RHB Robinson Pacheco
|
0-0: Fly out, F7 (Flyball, 7S)
|
Batting: LHB John Nicholson
|
0-0: Called Strike 0-1: DOUBLE (Groundball, 3L)
|
Batting: RHB Robert Johnson
|
0-0: Ball 1-0: Fly out, F5 (Popup, 5L)
|
Batting: LHB Don Soper
|
0-0: Ball 1-0: Called Strike 1-1: SINGLE (Groundball, 34D) John Nicholson to third Runner from 3rd tries for Home, SAFE, no throw
|
Batting: RHB Lee Price
|
0-0: Ball 1-0: Swinging Strike 1-1: Swinging Strike 1-2: Strikes out looking
|
Top of the 7th over - 1 run(s), 2 hit(s), 0 error(s), 1 left on base; Mexico City 1 - Santa Monica 4 |
BOTTOM OF THE 7TH |
Santa Monica Bruins batting - Pitching for Mexico City Cerveceros : RHP Clarence Allen
|
Pitching: LHP Rubén Rico
|
|
Batting: LHB Francisco Medina
|
0-0: Called Strike 0-1: Fly out, F8 (Flyball, 8RM)
|
Batting: RHB Alfredo López
|
0-0: Reached on error, E5 (Groundball, 56S)
|
Batting: LHB Brent Alonzo
|
0-0: Foul Ball, location: 2F 0-1: SINGLE (Groundball, 34) (infield hit) Alfredo López to third
|
Batting: RHB Roberto Cruz
|
0-0: Ball 1-0: Ball 2-0: Swinging Strike 2-1: Foul Ball, location: 2F 2-2: Foul Ball, location: 2F 2-2: SINGLE (Line Drive, 78M) Alfredo López scores Brent Alonzo to second
|
Batting: LHB Ethan Shaw
|
0-0: Ball 1-0: Fielders Choice at 2nd, 4-6 (Groundball, 4) Brent Alonzo to third
|
Batting: RHB Guo-xiu Choi
|
0-0: Called Strike 0-1: Ball 1-1: Swinging Strike 1-2: Ball 2-2: Ball Passed Ball! Brent Alonzo scores Ethan Shaw to second 3-2: Foul Ball, location: 2F 3-2: Strikes out swinging
|
Bottom of the 7th over - 2 run(s), 2 hit(s), 1 error(s), 1 left on base; Mexico City 1 - Santa Monica 6 |
TOP OF THE 8TH |
Mexico City Cerveceros batting - Pitching for Santa Monica Bruins : RHP Scott Walker
|
Pitching: RHP Carlos Rangel
|
|
Batting: SHB George Adams
|
0-0: Ball 1-0: SINGLE (Groundball, 56D)
|
Batting: RHB Murai Ishihara
|
0-0: Called Strike 0-1: Foul Ball, location: 2F 0-2: Foul Ball, location: 2F 0-2: Foul Ball, location: 2F 0-2: Ball 1-2: Strikes out swinging
|
Batting: RHB Randy Sheppard
|
0-0: Foul Ball, location: 2F 0-1: Swinging Strike 0-2: Strikes out swinging
|
Batting: LHB Eduardo Gómez
|
0-0: Ball 1-0: DOUBLE (Groundball, 3L) George Adams to third
|
Batting: RHB Robinson Pacheco
|
0-0: Foul Ball, location: 2F 0-1: Ball 1-1: Ground out 6-3 (Groundball, 6)
|
Top of the 8th over - 0 run(s), 2 hit(s), 0 error(s), 2 left on base; Mexico City 1 - Santa Monica 6 |
BOTTOM OF THE 8TH |
Santa Monica Bruins batting - Pitching for Mexico City Cerveceros : LHP Rubén Rico
|
Pitching: LHP Columbo Briatori
|
|
Batting: LHB Ken Phillips
|
0-0: Called Strike 0-1: Ball 1-1: Swinging Strike 1-2: Ball 2-2: Strikes out swinging
|
Batting: RHB Fletcher Reed
|
0-0: Foul Ball, location: 2F 0-1: Swinging Strike 0-2: Foul Ball, location: 2F 0-2: Ball 1-2: Strikes out looking
|
Batting: SHB Chris Woods
|
0-0: Ball 1-0: Ball 2-0: Foul Ball, location: 2F 2-1: Fly out, F9 (Flyball, 9LS)
|
Bottom of the 8th over - 0 run(s), 0 hit(s), 0 error(s), 0 left on base; Mexico City 1 - Santa Monica 6 |
TOP OF THE 9TH |
Mexico City Cerveceros batting - Pitching for Santa Monica Bruins : RHP Carlos Rangel
|
Batting: LHB John Nicholson
|
0-0: Swinging Strike 0-1: Ball 1-1: Ball 2-1: Foul Ball, location: 2F 2-2: Ball 3-2: Strikes out looking
|
Batting: RHB Robert Johnson
|
0-0: Ball 1-0: Swinging Strike 1-1: Ball 2-1: Foul Ball, location: 2F 2-2: Strikes out swinging
|
Batting: LHB Don Soper
|
0-0: Swinging Strike 0-1: Fly out, F8 (Flyball, 8LS)
|
Top of the 9th over - 0 run(s), 0 hit(s), 0 error(s), 0 left on base; Mexico City 1 - Santa Monica 6 |
|